Map: Ephemeron LE

Players

fiReSD

  • Race: Terran Terran
  • League: Master
  • Spawn Location: 5:00

Mez - Winner!

  • Race: Terran Terran
  • League: Master
  • Spawn Location: 11:00

VOD

Have the link to the VOD?

Description

Time

  • Played on: Sept. 5, 2019, 2:17 p.m.
  • Length: 9:58
Show
View Real Time Build Order
Export as new Build Order

fiReSD Terran 

Build Orders: 1/1/1, Mech 

Get SALT Encoding   

  12  0:01  SCV  
  13  0:13  SCV  
  14  0:17  Supply Depot  
  14  0:25  SCV  
  15  0:28  Refinery  
  15  0:39  SCV  
  16  0:45  Barracks  
  16  0:51  SCV  
  17  1:00  Refinery  
  17  1:03  SCV  
  18  1:16  SCV  
  19  1:32  Orbital Command  
  19  1:34  Factory  
  19  1:38  Reaper  
  20  1:58  SCV  
  21  2:10  Supply Depot  
  21  2:11  SCV  
  22  2:18  Starport  
  22  2:21  Reaper  
  23  2:32  Supply Depot, SCV, Hellion  
  26  2:44  SCV  
  26  2:45  Starport  
  26  2:59  Factory Reactor  
  26  3:03  Command Center  
  26  3:05  SCV  
  27  3:09  Factory Tech Lab, Barracks Reactor  
  27  3:17  SCV  
  28  3:23  Supply Depot  
  28  3:33  SCV  
  29  3:37  Cyclone  
  32  3:45  SCV  
  32  3:46  Marine  
  32  3:47  Marine  
  33  3:49  Viking  
  35  3:57  SCV  
  36  4:11  Command Center  
  36  4:21  Orbital Command  
  35  4:25  SCV  
  34  4:43  Marine x2, Siege Tank  
  34  4:45  SCV  
  40  4:52  SCV  
  39  5:08  SCV  
  39  5:09  SCV  
  41  5:15  Factory  
  41  5:16  Starport Tech Lab  
  41  5:19  Factory  
  41  5:21  SCV x2  
  40  5:31  Orbital Command  
  40  5:35  Refinery  
  40  5:40  SCV  
  40  5:41  SCV  
  40  5:58  Starport Reactor  
  40  5:59  SCV  
  40  6:00  SCV  
  42  6:04  Siege Tank, Hellion x2  
  42  6:08  SCV  
  50  6:12  SCV, Refinery  
  50  6:13  SCV  
  52  6:24  Siege Tank  
  55  6:27  SCV x3  
  55  6:29  Armory  
  58  6:33  Engineering Bay  
  58  6:36  Viking  
  58  6:37  Armory  
  58  6:39  Viking  
  62  6:41  SCV  
  62  6:43  SCV  
  62  6:45  SCV  
  65  6:54  SCV  
  66  6:55  SCV  
  66  6:57  SCV  
  68  7:04  Siege Tank x2  
  68  7:06  SCV, Hellion  
  77  7:13  Supply Depot  
  77  7:15  Supply Depot  
  77  7:16  SCV x2  
  77  7:19  Supply Depot  
  77  7:20  Terran Vehicle Weapons Level 1  
  77  7:21  Supply Depot  
  79  7:25  Terran Vehicle And Ship Armor Level 1  
  79  7:27  Orbital Command  
  79  7:29  Infernal Pre-Igniter  
  79  7:31  SCV x2  
  81  7:43  SCV  
  82  7:45  Siege Tank  
  82  7:46  Hellion x2  
  82  7:48  Supply Depot  
  82  7:49  SCV, Supply Depot  
  90  7:56  SCV  
  90  7:57  SCV  
  92  8:02  SCV  
  92  8:05  Siege Tank  
  94  8:06  Refinery  
  94  8:08  Refinery  
  94  8:10  Viking  
  96  8:15  Viking  
  96  8:19  SCV x3  
  101  8:26  Supply Depot  
  101  8:29  Supply Depot  
  101  8:30  Siege Tank  
  101  8:31  SCV  
  101  8:33  Hellion  
  107  8:35  Hellion  
  107  8:40  SCV x2  
  111  8:41  Siege Tank  
  111  8:44  Viking  
  111  8:46  Viking  
  118  9:01  Factory x2  
  118  9:05  Supply Depot x2, Starport  
  118  9:07  Hellion x2  
  113  9:19  Siege Tank  
  113  9:20  Siege Tank  
  116  9:26  Viking  
  116  9:28  Hellion x2  
Show
View Real Time Build Order
Export as new Build Order

Mez Terran - Winner!

Build Orders: Gas First Reaper Expand, Liberator Opening 

Get SALT Encoding   

  12  0:00  SCV  
  13  0:13  SCV  
  14  0:17  Supply Depot  
  14  0:25  SCV  
  15  0:31  Refinery  
  15  0:38  SCV  
  16  0:45  Barracks  
  16  0:50  SCV  
  17  1:03  SCV  
  18  1:15  SCV  
  19  1:33  Orbital Command, Reaper  
  20  1:47  Command Center  
  20  2:00  Factory  
  20  2:04  SCV  
  21  2:09  Barracks Reactor  
  21  2:16  Supply Depot  
  21  2:17  SCV  
  22  2:33  SCV, Refinery  
  23  2:46  Starport  
  23  2:51  Hellion x2  
  27  2:53  SCV  
  27  2:56  Barracks Tech Lab  
  28  3:00  Orbital Command  
  29  3:14  Hellion x2  
  29  3:17  Marauder  
  34  3:24  Medivac  
  36  3:28  Concussive Shells  
  35  3:36  Hellion x2  
  39  3:46  Liberator  
  39  3:53  SCV x2  
  43  3:56  Supply Depot  
  45  4:08  Hellion  
  46  4:18  SCV x2, Hellion  
  39  4:46  SCV x2  
  41  4:53  Starport Tech Lab  
  41  4:54  Marine x2, Cyclone  
  41  4:58  SCV x2  
  40  5:10  SCV x2  
  40  5:12  Marine x2  
  44  5:14  Command Center  
  44  5:16  Raven  
  46  5:22  SCV  
  46  5:24  Barracks x2  
  46  5:25  Supply Depot  
  47  5:30  SCV  
  47  5:34  SCV  
  49  5:38  Marine x2, Siege Tank  
  51  5:42  SCV  
  51  5:43  Refinery  
  51  5:46  SCV  
  53  5:56  SCV  
  54  6:02  Raven  
  54  6:03  Marine x2  
  53  6:05  SCV  
  53  6:08  SCV  
  55  6:11  Barracks  
  55  6:12  Barracks, Supply Depot  
  55  6:17  SCV  
  54  6:20  SCV, Barracks Reactor  
  54  6:21  Barracks Reactor  
  55  6:26  Marine x2  
  55  6:27  Refinery  
  55  6:29  Orbital Command  
  55  6:32  Engineering Bay  
  57  6:33  Engineering Bay  
  57  6:37  Siege Tank  
  57  6:39  SCV x2  
  62  6:44  Supply Depot  
  62  6:59  Viking  
  62  7:00  Orbital Command, Viking  
  66  7:01  Marine, Stimpack  
  66  7:02  Marine x2  
  66  7:06  SCV x2  
  71  7:12  Barracks Reactor x2  
  71  7:18  SCV x2  
  71  7:19  Marine x3  
  71  7:21  Marine x2  
  78  7:26  Supply Depot  
  78  7:27  SCV, Supply Depot  
  79  7:30  SCV  
  79  7:31  Siege Tank, SCV  
  83  7:37  Marine  
  83  7:40  Marine x2  
  83  7:43  Terran Infantry Armor Level 1, Terran Infantry Weapons Level 1  
  86  7:47  Barracks Tech Lab x2  
  86  7:51  Marine, Marauder, Supply Depot  
  88  7:52  Viking  
  88  7:53  Supply Depot, Viking  
  88  7:55  Marine, SCV x3  
  97  8:05  Marine  
  97  8:06  Marauder  
  97  8:07  Combat Shield, SCV, Marauder  
  97  8:09  SCV x2  
  105  8:19  SCV  
  106  8:21  SCV  
  106  8:22  SCV  
  106  8:24  Viking x2  
  112  8:30  Supply Depot  
  112  8:31  SCV, Supply Depot  
  112  8:34  SCV x2, Armory  
  115  8:35  Refinery  
  115  8:37  Refinery  
  119  8:41  Marauder x2  
  119  8:42  Marauder  
  119  8:43  SCV  
  119  8:46  SCV x2  
  124  8:51  Siege Tank  
  124  8:55  SCV  
  128  8:58  SCV x2  
  130  9:07  SCV  
  131  9:10  SCV  
  131  9:12  Marine x5  
  131  9:13  Marauder x2  
  141  9:26  Medivac  
  141  9:27  Medivac  
  141  9:30  Marauder  
  140  9:36  Marine x4  
  140  9:37  Marauder  
Tags
 
Add a new tag
Caveats
  • Supply blocks, unpowered buildings, or Contaminate may cause inaccurate times.
  • Supply counts are checked every 10 seconds.